 Dungeon Crawl Stone Soup version 0.30-a0-475-g03497ec522 (webtiles) character file.

Game seed: 7118973512025430534

4 naomiiscute the Shooter (level 1, -1/17 HPs)
             Began as a Ghoul Hunter on Dec 21, 2022.
             Slain by a jackal (3 damage)
             ... on level 1 of the Dungeon.
             The game lasted 00:01:27 (100 turns).

naomiiscute the Shooter (Ghoul Hunter)               Turns: 100, Time: 00:01:27

Health: -1/17      AC:  3    Str: 14    XL:     1   Next: 70%
Magic:  0/0        EV: 11    Int:  4    God:
Gold:   22         SH:  0    Dex: 12    Spells: 0/0 levels left

rFire   . . .      SeeInvis .    a - +0 shortbow
rCold   + . .      Faith    .    (shield currently unavailable)
rNeg    + + +      Spirit   .    c - +0 leather armour
rPois   ∞          Reflect  .    (no helmet)
rElec   .          Harm     .    (no cloak)
rCorr   .          Rampage  .    (no gloves)
Will    .....                    (no boots)
Stlth   +.........               (no amulet)
HPRegen 0.00/turn                (no ring)
MPRegen 0.07/turn                (no ring)

@: inhibited regen
A: claws 1, cold resistance 1, negative energy resistance 3, inhibited
regeneration, torment resistance 2, devour on kill
a: no special abilities


You were on level 1 of the Dungeon.
You visited 1 branch of the dungeon, and saw 1 of its levels.

You collected 22 gold pieces.

Inventory:

Hand Weapons
 a - a +0 shortbow (weapon)
Armour
 c - a +0 leather armour (worn)
Scrolls
 b - a scroll of immolation
Potions
 d - a potion of curing {unknown}


   Skills:
 + Level 2.2 Fighting
 + Level 3.8 Ranged Weapons
 + Level 1.7 Dodging
 + Level 1.1 Stealth


You couldn't memorise any spells.
You didn't know any spells.
Your spell library was empty.

Dungeon Overview and Level Annotations

Branches:
Dungeon (1/15)

Altars:


Innate Abilities, Weirdness & Mutations

You are immune to poison.
You have sharp fingernails.
Your flesh is cold resistant. (rC+)
You are immune to negative energy. (rN+++)
You do not regenerate when monsters are visible.
You are immune to unholy pain and torment.
You thrive by killing the living.


Message History

You are frozen.
You resist.
The kobold throws a stone.
The stone hits you.
You shoot an arrow. The arrow hits the endoplasm!
You kill the endoplasm!
You feel better.
A ball python comes into view.
The kobold hits you with a +0 dagger.
You shoot an arrow. The arrow barely misses the kobold.
The kobold barely misses you.
You shoot an arrow. The arrow hits the kobold.
You kill the kobold!
The jackal barely misses you.
You shoot an arrow. The jackal barks!
The arrow hits the jackal.
You kill the jackal!
You feel better. The jackal barely misses you. The jackal closely misses you.
You shoot an arrow. The arrow barely misses the jackal.
The jackal bites you. The jackal barely misses you.
The jackal closely misses you. The jackal barely misses you.
You shoot an arrow. The arrow closely misses the jackal.
The jackal bites you but does no damage.
The jackal bites you. The jackal barely misses you.
You shoot an arrow. The arrow closely misses the jackal.
The jackal bites you. x2
The jackal closely misses you.
You shoot an arrow. The arrow hits the jackal.
You kill the jackal!
The jackal barely misses you.
The jackal bites you but does no damage.
The ball python bites you.
* * * LOW HITPOINT WARNING * * *
The ball python closely misses you. The ball python barely misses you.
The ball python misses you. The jackal barely misses you.
The jackal attacks as you move away! The jackal bites you.
* * * LOW HITPOINT WARNING * * *
The ball python completely misses you. The ball python misses you.
You shoot an arrow. The arrow hits the ball python!
You kill the ball python!
The jackal bites you.
You die...

.# ............#
.. #######..##.#
#.# ## #......#
.# .# ..
#.##......# #. #.
#.##.#.#### #! #.
#.##.#.# #.
#.##.#.# #.
#.##.#.#
.#####.###@##.#.#
.........hh##.#
######.)......#
#.######## ...
#.#. #.#. . .. .#
##


You could see 2 jackals.

Vanquished Creatures
  A ball python (D:1)
  An endoplasm (D:1)
  2 jackals (D:1)
  A kobold (D:1)
5 creatures vanquished.

Notes
Turn   | Place    | Note
-------+----------+-------------------------------------------
     0 | D:1      | naomiiscute the Ghoul Hunter began the quest for the Orb.
     0 | D:1      | Reached XP level 1. HP: 17/17 MP: 0/0
   100 | D:1      | Slain by a jackal

Illustrated notes

Levels and vault maps discovered:
D:1:      dpeg_arrival_simpleton_a, layout_loops_ring, minmay_heptomino_h4

Action                   || total
-------------------------++-------
 Fire: Shortbow          ||    11
Armor: Leather armour    ||     3
Dodge: Dodged            ||    17

Table legend: (Time is in decaauts)
 A = Elapsed time spent in this place.
 B = Non-inter-level travel time spent in this place.
 C = Inter-level travel time spent in this place.
 D = Time resting spent in this place.
 E = Time spent auto-exploring this place.
 F = Levels seen in this place.
 G = Mean time per level.
                   A        B        C        D        E       F      G
               +--------+--------+--------+--------+--------+-----+--------+
         Total |    103 |     25 |     78 |      0 |      0 |   1 |  103.0 |
       Dungeon |    103 |     25 |     78 |      0 |      0 |   1 |  103.0 |
               +--------+--------+--------+--------+--------+-----+--------+

Top non-repeatable levels by time:
     D:1: 103 daAuts
